 Dungeon Crawl Stone Soup version 0.31.0-11-ge490571c62 (webtiles) character file.

Game seed: 250850204165203916

933 qw the Skirmisher (level 7, -5/35 HPs)
             Began as a Spriggan Hunter on Feb 4, 2024.
             Was an Initiate of Okawaru.
             Killed from afar by an acid dragon (22 damage)
             ... with a splash of acid
             ... on level 6 of the Dungeon.
             The game lasted 00:02:22 (4701 turns).

qw the Skirmisher (Spriggan Hunter)                 Turns: 4701, Time: 00:02:23

Health: -5/35      AC: -2    Str:  7    XL:     7   Next: 86%
Magic:  8/8        EV: 23    Int: 10    God:    Okawaru [......]
Gold:   173        SH:  0    Dex: 21    Spells: 6/6 levels left

rFire   . . .        i - +1 arbalest
rCold   . . .        (shield currently unavailable)
rNeg    . . .        c - +0 robe
rPois   .            (helmet restricted)
rElec   .            (no cloak)
rCorr   .            (gloves unavailable)
SInv    +            (boots unavailable)
Will    +....        (no amulet)
Stlth   ++           (no ring)
HPRegen 0.25/turn    (no ring)
MPRegen 0.11/turn

%: no passive effects
@: corroded, very quick
A: very small, no large weapons, unfitting armour, see invisible, speed 3
a: Renounce Religion


You were on level 6 of the Dungeon.
You worshipped Okawaru.
Okawaru was noncommittal.
You visited 1 branch of the dungeon, and saw 6 of its levels.

You collected 290 gold pieces.
You spent 117 gold pieces at shops.


Innate Abilities, Weirdness & Mutations

You are very small and have problems with some larger weapons.
You are too small for most types of armour.
You have supernaturally acute eyesight. (SInv)
You cover ground extremely quickly. (Speed+++)


   Skills:
 - Level 2.0 Fighting
 - Level 8.2 Ranged Weapons
 + Level 7.4 Dodging
 - Level 1.5 Stealth


You had 6 spell levels left.
You didn't know any spells.
Your spell library was empty.

Inventory:

Hand Weapons
 i - a +1 arbalest (weapon)
Armour
 c - a +0 robe (worn)
Wands
 g - a wand of acid (4)
Scrolls
 e - a scroll of teleportation
Potions
 a - a potion of enlightenment
 b - 2 potions of haste
 f - 2 potions of mutation
 h - a potion of heal wounds {unknown}
 j - a potion of curing {unknown}

Dungeon Overview and Level Annotations

Branches:
Dungeon (6/15)
 Temple: D:4-7

Altars:
Dithmenos
Okawaru
Qazlal

Shops:
D:1 !   D:5 (


Message History

What level of the Dungeon? (default 5, ? - help)
You open the door.
There is an open door here.
There is an open door here.
You see here a +0 club.
There is a stone staircase leading down, spattered with blood here.
You climb downwards.
Found 13 gold pieces.
There is a stone staircase leading up here.
Waypoint 5 assigned to D:6.
A shadow imp comes into view.
Found a stone staircase leading down.
You shoot a bolt. The bolt hits the shadow imp!
You kill the shadow imp!
Okawaru accepts your kill.
You now have 173 gold pieces (gained 13).
Found a stone staircase leading up.
An acid dragon and 3 orcs come into view.
The acid dragon roars!
The orc shouts!
You shoot a bolt. The bolt barely misses the acid dragon.
The orc shouts!
The bolt hits the orc!!
You kill the orc!
Okawaru accepts your kill. The acid dragon spits acid at you.
The splash of acid hits you!!
Ouch! That really hurt!
The acid corrodes you!
You shoot a bolt.
The bolt closely misses the acid dragon.
You shoot a bolt.
The bolt closely misses the acid dragon.
The bolt hits the orc!!
You kill the orc!
Okawaru accepts your kill.
A bullfrog comes into view.
The acid dragon spits acid at you. The splash of acid hits you!!
Ouch! That really hurt!
You die...

######### ##
#.......## .
#........#.# #
#..####..#.#
#F#..........#
#.#.#..#.#<###
#..>.....###
##.@#....#
#..###### #.D.
..o.. ...<..#
##.....#
#.....#
#....)#


You could see an acid dragon (catching breath), a bullfrog and an orc.

Vanquished Creatures
  Sigmund (D:2)
  A water moccasin (D:5)
  2 black bears
  An ogre (D:5)
  A gnoll bouda (D:4)
  2 hounds
  4 iguanas
  An orc wizard (D:4)
  3 gnolls (D:4)
  6 adders
  2 shadow imps
  A ribbon worm (D:3)
  2 dart slugs (D:1)
  10 orcs
  5 endoplasms
  6 giant cockroaches
  6 goblins
  3 hobgoblins
  4 quokkas
  7 ball pythons
  10 bats
  5 frilled lizards
  5 kobolds
  6 rats
94 creatures vanquished.

Notes
Turn   | Place    | Note
-------+----------+-------------------------------------------
     0 | D:1      | qw the Spriggan Hunter began the quest for the Orb.
     0 | D:1      | Reached XP level 1. HP: 10/10 MP: 2/2
     0 | D:1      | 0 ||| qw: Version: 0.3-a-160-g6735b56
     0 | D:1      | 0 ||| qw: Game counter: 5908
     0 | D:1      | 0 ||| qw: Melee chars always use a shield: true
     0 | D:1      | 0 ||| qw: God list: Okawaru
     0 | D:1      | 0 ||| qw: Allow faded altars: false
     0 | D:1      | 0 ||| qw: Do Orc after clearing Dungeon:15 true
     0 | D:1      | 0 ||| qw: Do second Lair branch before Depths: true
     0 | D:1      | 0 ||| qw: Lair rune preference: random
     0 | D:1      | 0 ||| qw: Goals: Normal
     0 | D:1      | 0 ||| PLANNING D:1-11
   252 | D:1      | Reached skill level 3 in Dodging
   262 | D:1      | Found Etauddoe's Distillery.
   263 | D:1      | 263 ||| DROPPING scroll of butterflies.
   275 | D:1      | 275 ||| SHOPLISTING 2 potions of might (96 gold, have 16).
   275 | D:1      | 275 ||| SHOPLISTING potion of cancellation (96 gold, have
                  | 16).
   275 | D:1      | 275 ||| SHOPLISTING potion of curing (36 gold, have 16).
   275 | D:1      | 275 ||| SHOPLISTING potion of heal wounds (60 gold, have
                  | 16).
   275 | D:1      | 275 ||| SHOPLISTING potion of might (48 gold, have 16).
   275 | D:1      | 275 ||| SHOPLISTING potion of mutation (96 gold, have 16).
   300 | D:1      | Reached XP level 2. HP: 14/14 MP: 3/3
   697 | D:1      | Reached XP level 3. HP: 18/18 MP: 4/4
   971 | D:1      | 971 ||| READING scroll labelled FERAMA OZESEJO.
  1072 | D:1      | 1072 ||| READING scroll labelled CUVEGI AFECEAQUMA.
  1185 | D:2      | Identified the +9 dagger "Xukhli" {holy, rF++ Will+ Dex-2}
  1286 | D:2      | Reached skill level 5 in Ranged Weapons
  1312 | D:2      | Noticed Sigmund
  1321 | D:2      | Killed Sigmund
  1322 | D:2      | Reached skill level 6 in Dodging
  1322 | D:2      | Reached XP level 4. HP: 22/22 MP: 5/5
  1322 | D:2      | Reached XP level 5. HP: 25/25 MP: 6/6
  1821 | D:2      | 1821 ||| READING scroll labelled JEIR VIXYM RUU.
  1822 | D:2      | 1822 ||| READING scroll labelled FEUTUNI AXEWNI.
  1823 | D:2      | 1823 ||| READING 3 scrolls labelled LEACUIST AJEOF.
  1823 | D:2      | 1823 ||| IDENTIFYING inky potion
  1824 | D:2      | 1824 ||| READING 2 scrolls of identify.
  1824 | D:2      | 1824 ||| IDENTIFYING murky pink potion
  1825 | D:2      | 1825 ||| READING scroll of identify.
  1825 | D:2      | 1825 ||| IDENTIFYING viscous inky potion
  1826 | D:2      | 1826 ||| DROPPING potion of degeneration.
  2007 | D:3      | Found a faded altar of an unknown god.
  2666 | D:4      | Reached XP level 6. HP: 30/30 MP: 7/7
  2724 | D:4      | Identified the +2 helmet "Jaugamm" {Rampage MP+9}
  2911 | D:4      | HP: 1/30 [iguana (7)]
  3207 | D:4      | 3207 ||| DRINKING black potion.
  3208 | D:4      | 3208 ||| DRINKING brown potion.
  3209 | D:4      | 3209 ||| DRINKING purple potion.
  3247 | D:4      | Reached skill level 6 in Ranged Weapons
  3405 | D:4      | 3405 ||| ZAPPING wand of acid (6) at 1,0 (black bear;
                  | floor).
  3607 | D:5      | Entered Level 5 of the Dungeon
  3616 | D:5      | Found a shadowy altar of Dithmenos.
  3661 | D:5      | Reached XP level 7. HP: 35/35 MP: 8/8
  3805 | D:5      | Reached skill level 7 in Ranged Weapons
  3903 | D:5      | Found Plog's Antique Weapon Boutique.
  3908 | D:5      | 3908 ||| BUYING arbalest (117 gold).
  3908 | D:5      | Bought an arbalest for 117 gold pieces
  3908 | D:5      | 3908 ||| SWAPPING to +0 arbalest.
  3909 | D:5      | 3909 ||| DROPPING +0 shortbow.
  3917 | D:5      | 3917 ||| ZAPPING wand of acid (5) at 0,-1 (black bear;
                  | open_door).
  4173 | D:5      | Reached skill level 8 in Ranged Weapons
  4247 | D:5      | Found an iron altar of Okawaru.
  4248 | D:5      | 4248 ||| PLANNING OKAWARU WORSHIP
  4248 | D:5      | 4248 ||| READING scroll of identify.
  4248 | D:5      | 4248 ||| IDENTIFYING dark potion
  4249 | D:5      | 4249 ||| READING 2 scrolls labelled ICLOIL ZYUHECE.
  4254 | D:5      | 4254 ||| READING scroll labelled QOMOJOCUWN.
  4254 | D:5      | 4254 ||| ENCHANTING +0 arbalest.
  4339 | D:5      | Became a worshipper of Warmaster Okawaru
  4340 | D:5      | 4340 ||| PLANNING D:1-11
  4616 | D:5      | Found a stormy altar of Qazlal.
  4630 | D:5      | 4630 ||| READING 2 scrolls labelled UWEESSAILL.
  4631 | D:5      | 4631 ||| DROPPING scroll of immolation.
  4701 | D:6      | Killed from afar by an acid dragon

Levels and vault maps discovered:
D:1:      minmay_arrival_widening_spiral_narrow, layout_basic, serial_forest,
          infiniplex_forest_clump_long, infiniplex_forest_end_2,
          infiniplex_forest_lined_room_, infiniplex_forest_lined_2,
          infiniplex_forest_diagonal, infiniplex_forest_end_2, serial_shops,
          nicolae_square_shop
D:2:      layout_basic, uniq_sigmund
D:3:      layout_loops_ring, basic_ecumenical_altar
D:4:      layout_basic
D:5:      layout_loops_corners, mainiacjoe_overflow_cross_hatched,
          okawaru_metal_pillars_1_2, mainiacjoe_overflow_alcove_4, serial_shops,
          nicolae_shop_tiny_real_fake_doors
D:6:      layout_basic, temple_doors_e, serial_shops, shop, shop, shop, shop,
          nicolae_shop_stone, kennysheep_donut, lemuel_flame_loot_1

Skill      XL: |  1  2  3  4  5  6  7 |
---------------+----------------------+-----
Dodging        | 3 4 6 7 |  7.4
Ranged Weapons | 5 6 8 |  8.2
Fighting       | 2 |  2.0
Stealth        | |  1.5

Action                     |  1- 3 |  4- 6 |  7- 9 || total
---------------------------+-------+-------+-------++-------
   Fire: Shortbow          |   104 |   150 |    34 ||   288
         Arbalest          |       |       |    21 ||    21
  Evoke: Wand              |       |     1 |     1 ||     2
    Use: Scroll            |     2 |     5 |     4 ||    11
         Potion            |       |     3 |       ||     3
 Armour: Robe              |     7 |    26 |    10 ||    43
  Dodge: Dodged            |    14 |    87 |    29 ||   130

Table legend:
 A = Non-vault XP
 B = Vault XP
 C = Vault XP percentage of total XP
 D = Non-vault monster count
 E = Vault monster count
 F = Vault count percentage of total count
                 A         B        C        D         E       F
            +---------+---------+-------+---------+---------+-------
      Total |    1106 |     231 |  17.3 |      93 |       1 |   1.1
            +---------+---------+-------+---------+---------+-------
        D:1 |      49 |       0 |   0.0 |      28 |       0 |   0.0
        D:2 |      51 |     231 |  81.9 |      18 |       1 |   5.3
        D:3 |      48 |       0 |   0.0 |      14 |       0 |   0.0
        D:4 |     340 |       0 |   0.0 |      15 |       0 |   0.0
        D:5 |     601 |       0 |   0.0 |      15 |       0 |   0.0
        D:6 |      17 |       0 |   0.0 |       3 |       0 |   0.0
            +---------+---------+-------+---------+---------+-------
